 Dungeon Crawl Stone Soup version 0.22.1-2-g9c5b331 (webtiles) character file.

72 GreenArt the Ruffian (level 4, -8/44 HPs)
             Began as a Troll Berserker on Dec 30, 2018.
             Was a Believer of Trog.
             Mangled by a gnoll
             ... wielding a +0 halberd
              (18 damage)
             ... on level 3 of the Dungeon.
             The game lasted 00:11:22 (1837 turns).

GreenArt the Ruffian (Troll Berserker)              Turns: 1837, Time: 00:11:22

Health: -8/44      AC:  5    Str: 23 (26) XL:     4   Next: 7%
Magic:  3/3        EV: 10    Int:  2 (3)  God:    Trog [**....]
Gold:   100        SH:  0    Dex:  7 (9)  Spells: 3/3 levels left

rFire    . . .     SeeInvis .     - Unarmed
rCold    . . .     Gourm    +   (no shield)
rNeg     . . .     Faith    .   a - +0 animal skin
rPois    .         Spirit   .   (helmet restricted)
rElec    .         Reflect  .   (no cloak)
rCorr    .         Harm     .   (gloves unavailable)
MR       .....                  (boots unavailable)
Stlth    +.........             (no amulet)
HPRegen  0.54/turn              (no ring)
MPRegen  0.08/turn              (no ring)

@: very slightly contaminated
A: large, unfitting armour, claws 3, fast metabolism 3, gourmand, regeneration
1, shaggy fur 1, tough skin 2
a: Berserk, Trog's Hand, Renounce Religion


You were on level 3 of the Dungeon.
You worshipped Trog.
Trog was pleased with you.
You were completely stuffed.

You visited 1 branch of the dungeon, and saw 3 of its levels.

You collected 100 gold pieces.

Inventory:

Armour
 a - a +0 animal skin (worn)
Jewellery
 j - an uncursed amulet of harm {unknown}
 l - a cursed ring of attention
Scrolls
 h - a scroll of identify
 n - a scroll of teleportation
Potions
 c - 2 potions of degeneration
 d - a potion of mutation {unknown}
 e - a potion of agility {unknown}
 f - a potion of curing
 m - a potion of resistance {unknown}
Comestibles
 b - 6 rations
 i - 3 chunks of flesh


   Skills:
 + Level 2.9 Fighting
 + Level 3.0 Dodging
 + Level 4.0 Unarmed Combat


You had 3 spell levels left.
You didn't know any spells.
Your spell library was empty.

Dungeon Overview and Level Annotations

Branches:
Dungeon (3/15)

Altars:
Hepliaklqana
The Shining One

Annotations:
D:3 Natasha


Innate Abilities, Weirdness & Mutations

You are too large for most types of armour.
You have claws for hands.
Your metabolism is lightning-fast.
You like to eat raw meat.
Your natural rate of healing is unusually fast.
You are covered in fur. (AC +1)
You have very tough skin. (AC +2)


Message History

The gnoll hits you from afar with a halberd!
Natasha misses you. The gnoll closely misses you. The gnoll barely misses you.
You closely miss Natasha.
Natasha is severely wounded.
Natasha claws you. The gnoll hits you with a flail.
The gnoll barely misses you.
You scratch Natasha.
Natasha is severely wounded.
The gnoll hits you from afar with a halberd!
Natasha claws you.
* * * LOW HITPOINT WARNING * * *
The gnoll barely misses you. The gnoll hits you but does no damage.
The gnoll hits you from afar with a halberd.
* * * LOW HITPOINT WARNING * * *
It was a potion of degeneration.
There was something very wrong with that liquid.
You feel weakened.
You feel dopey.
You feel clumsy.
Natasha drinks a potion.
Natasha is healed!
The gnoll hits you from afar with a halberd!!
You die...

....%..
.......
.......
.......
......#####
........#
#.....#
#.@...#


+ghg..+ #.gg..# #.....# #.....# #.....# #.....# ......# You could see Natasha
and 4 gnolls.

Vanquished Creatures
  An adder (D:2)
  2 dart slugs
  2 leopard geckos (D:1)
  2 ball pythons
  6 hobgoblins
  4 jackals (D:1)
  2 quokkas (D:2)
  8 bats
  8 goblins
  9 kobolds
  10 rats
54 creatures vanquished.

Notes
Turn   | Place    | Note
-------+----------+-------------------------------------------
     0 | D:1      | GreenArt the Troll Berserker began the quest for the Orb.
     0 | D:1      | Reached XP level 1. HP: 22/22 MP: 0/0
   206 | D:1      | Reached XP level 2. HP: 29/29 MP: 1/1
   641 | D:1      | Reached XP level 3. HP: 36/36 MP: 2/2
   683 | D:1      | Reached ** piety under Trog
  1079 | D:2      | Found a hazy altar of Hepliaklqana.
  1158 | D:2      | Found a glowing golden altar of the Shining One.
  1581 | D:2      | Reached skill level 4 in Unarmed Combat
  1584 | D:2      | Reached XP level 4. HP: 35/44 MP: 3/3
  1832 | D:3      | Noticed Natasha
  1837 | D:3      | Mangled by a gnoll

Skill      XL: |  1  2  3 |
---------------+----------+-----
Dodging        | 3 |  3.0
Unarmed Combat | 4 |  4.0
Fighting       | |  2.9

Action                   |  1- 3 |  4- 6 || total
-------------------------+-------+-------++-------
Melee: Unarmed           |   111 |    15 ||   126
       Punch             |     1 |       ||     1
  Use: Scroll            |       |     4 ||     4
       Potion            |       |     1 ||     1
  Eat: Chunk             |    20 |     2 ||    22
Armor: Animal skin       |    89 |     6 ||    95
Dodge: Dodged            |   111 |     8 ||   119
